PIO (24 & UNDER)
SALEM SLEDGEHAMMERS @ SURREY SINNERS
05/01/2027
 
TOP OF THE 1ST
Salem Sledgehammers batting - Pitching for Surrey Sinners : RHP Juan Zumaya
Pitching: RHP Juan Zumaya
Batting: RHB Luis Bustamante 0-0: Called Strike
0-1: Ball
1-1: SOLO HOME RUN (Flyball, 7D), Distance : 366 ft
Batting: SHB Enrique Uribe 0-0: Called Strike
0-1: Ball
1-1: Swinging Strike
1-2: Ball
2-2: Ball
3-2: Strikes out swinging
Batting: LHB Nathan Frey 0-0: Ball
1-0: Ball
2-0: Ball
3-0: Called Strike
3-1: Swinging Strike
3-2: Base on Balls
Batting: SHB Richard Griffin 0-0: Ball
1-0: Swinging Strike
1-1: Swinging Strike
1-2: Ball
2-2: Foul Ball, location: 2F
2-2: Ball
3-2: Foul Ball, location: 2F
3-2: Base on Balls
Nathan Frey to second
Batting: RHB Bobby Miller 0-0: Fielders Choice at 3rd, U5 (Groundball, 5L)
Richard Griffin to second
Batting: RHB Patrick Daniels 0-0: DOUBLE (Flyball, 78XD)
Richard Griffin scores
Bobby Miller to third
Runner from 3rd tries for Home, SAFE, no throw
Batting: RHB Gilberto Silva 0-0: Ball
1-0: 2-RUN HOME RUN (Flyball, 89XD), Distance : 398 ft
Batting: LHB Caleb Hall 0-0: Ball
1-0: Called Strike
1-1: Foul Ball, location: 2F
1-2: Strikes out looking
Top of the 1st over - 5 run(s), 3 hit(s), 0 error(s), 0 left on base; Salem 5 - Surrey 0
BOTTOM OF THE 1ST
Surrey Sinners batting - Pitching for Salem Sledgehammers : RHP Guillermo Martínez
Pitching: RHP Guillermo Martínez
Batting: LHB Juan Hinojosa 0-0: Foul Ball, location: 2F
0-1: Foul Ball, location: 2F
0-2: Ball
1-2: Strikes out swinging
Batting: RHB Eugene Booth 0-0: Ball
1-0: Foul Ball, location: 2F
1-1: Ball
2-1: Called Strike
2-2: Ground out 4-3 (Groundball, 4)
Batting: RHB Ramón Molina 0-0: Ball
1-0: Ball
2-0: Ball
3-0: Base on Balls
Batting: LHB Randy Wiggins 0-0: Ball
1-0: Ball
2-0: Called Strike
2-1: SINGLE (Groundball, 34S) (infield hit)
Ramón Molina to second
Batting: RHB Clint Younger 0-0: Ball
1-0: Foul Ball, location: 2F
1-1: Foul Ball, location: 2F
1-2: Strikes out swinging
Bottom of the 1st over - 0 run(s), 1 hit(s), 0 error(s), 2 left on base; Salem 5 - Surrey 0
TOP OF THE 2ND
Salem Sledgehammers batting - Pitching for Surrey Sinners : RHP Juan Zumaya
Batting: RHB Lakota O'Reilly 0-0: Ball
1-0: Ball
2-0: Swinging Strike
2-1: Called Strike
2-2: Fly out, F8 (Flyball, 8RM)
Batting: RHB Luis Bustamante 0-0: Foul Ball, location: 2F
0-1: Ball
1-1: Ground out 6-3 (Groundball, 6)
Batting: SHB Enrique Uribe 0-0: Foul Ball, location: 2F
0-1: Ball
1-1: Called Strike
1-2: Strikes out looking
Top of the 2nd over - 0 run(s), 0 hit(s), 0 error(s), 0 left on base; Salem 5 - Surrey 0
BOTTOM OF THE 2ND
Surrey Sinners batting - Pitching for Salem Sledgehammers : RHP Guillermo Martínez
Batting: LHB José Blanco 0-0: Called Strike
0-1: Ball
1-1: Swinging Strike
1-2: Ball
2-2: Ball
3-2: Strikes out swinging
Batting: LHB Jorge Martínez 0-0: Called Strike
0-1: Ball
1-1: Swinging Strike
1-2: Foul Ball, location: 2F
1-2: SINGLE (Groundball, 56S) (infield hit)
Batting: RHB Mitchell Darragh 0-0: Ball
1-0: Ball
2-0: Ball
3-0: Called Strike
3-1: Base on Balls
Jorge Martínez to second
Batting: RHB Robert Koremans 0-0: Ball
1-0: SINGLE (Line Drive, 3)
Jorge Martínez to third
Mitchell Darragh to second
Batting: LHB Juan Hinojosa 0-0: Called Strike
0-1: Ball
1-1: Foul Ball, location: 2F
1-2: Grounds into double play, 6-4-3 (Groundball, 6)
Bottom of the 2nd over - 0 run(s), 2 hit(s), 0 error(s), 2 left on base; Salem 5 - Surrey 0
TOP OF THE 3RD
Salem Sledgehammers batting - Pitching for Surrey Sinners : RHP Juan Zumaya
Batting: LHB Nathan Frey 0-0: Ball
1-0: Ball
2-0: Ball
3-0: Called Strike
3-1: Base on Balls
Batting: SHB Richard Griffin 0-0: Ball
1-0: Grounds into double play, 3-6-4 (Groundball, 34)
Batting: RHB Bobby Miller 0-0: Ball
1-0: Foul Ball, location: 2F
1-1: Ground out 6-3 (Groundball, 6)
Top of the 3rd over - 0 run(s), 0 hit(s), 0 error(s), 0 left on base; Salem 5 - Surrey 0
BOTTOM OF THE 3RD
Surrey Sinners batting - Pitching for Salem Sledgehammers : RHP Guillermo Martínez
Batting: RHB Eugene Booth 0-0: Fly out, F9 (Flyball, 9D)
Batting: RHB Ramón Molina 0-0: Called Strike
0-1: Ball
1-1: Swinging Strike
1-2: Foul Ball, location: 2F
1-2: Strikes out swinging passed ball, reaches first!
Batting: LHB Randy Wiggins 0-0: Ball
1-0: Called Strike
1-1: Foul Ball, location: 2F
1-2: Strikes out looking
Batting: RHB Clint Younger 0-0: Called Strike
0-1: Swinging Strike
0-2: Fly out, F8 (Flyball, 78M)
Bottom of the 3rd over - 0 run(s), 0 hit(s), 0 error(s), 1 left on base; Salem 5 - Surrey 0
TOP OF THE 4TH
Salem Sledgehammers batting - Pitching for Surrey Sinners : RHP Juan Zumaya
Batting: RHB Patrick Daniels 0-0: Ground out 5-3 (Groundball, 56S)
Batting: RHB Gilberto Silva 0-0: Ball
1-0: Foul Ball, location: 2F
1-1: DOUBLE (Line Drive, 7LD)
Batting: LHB Caleb Hall 0-0: Ball
1-0: Called Strike
1-1: Foul Ball, location: 2F
1-2: Ball
2-2: Ball
3-2: Strikes out swinging
Batting: RHB Lakota O'Reilly 0-0: Ball
1-0: Ball
2-0: Ball
3-0: Called Strike
3-1: Foul Ball, location: 2F
3-2: Base on Balls
Batting: RHB Luis Bustamante 0-0: Foul Ball, location: 2F
0-1: Fielders Choice at 2nd, 6-4 (Groundball, 6)
Top of the 4th over - 0 run(s), 1 hit(s), 0 error(s), 1 left on base; Salem 5 - Surrey 0
BOTTOM OF THE 4TH
Surrey Sinners batting - Pitching for Salem Sledgehammers : RHP Guillermo Martínez
Batting: LHB José Blanco 0-0: Ball
1-0: Ball
2-0: Swinging Strike
2-1: Ball
3-1: Foul Ball, location: 2F
3-2: Strikes out swinging
Batting: LHB Jorge Martínez 0-0: Ball
1-0: Swinging Strike
1-1: Ball
2-1: Ball
3-1: SOLO HOME RUN (Flyball, 9LD), Distance : 349 ft
Batting: RHB Mitchell Darragh 0-0: Called Strike
0-1: Ground out 5-3 (Groundball, 56)
Batting: RHB Robert Koremans 0-0: Ground out 6-3 (Groundball, 6)
Bottom of the 4th over - 1 run(s), 1 hit(s), 0 error(s), 0 left on base; Salem 5 - Surrey 1
TOP OF THE 5TH
Salem Sledgehammers batting - Pitching for Surrey Sinners : RHP Juan Zumaya
Pitching: LHP Jason Reece
Batting: SHB Enrique Uribe 0-0: Swinging Strike
0-1: Ball
1-1: Ball
2-1: Ball
3-1: Ground out 6-3 (Groundball, 56D)
Batting: LHB Nathan Frey 0-0: Ball
1-0: Foul Ball, location: 2F
1-1: Ball
2-1: Foul Ball, location: 2F
2-2: Ball
3-2: Foul Ball, location: 2F
3-2: Foul Ball, location: 2F
3-2: Foul Ball, location: 2F
3-2: Foul Ball, location: 2F
3-2: Base on Balls
Batting: SHB Richard Griffin 0-0: Ball
1-0: Ball
2-0: Foul Ball, location: 2F
2-1: Ball
3-1: Foul Ball, location: 2F
3-2: Fly out, F7 (Flyball, 7LSF)
Batting: RHB Bobby Miller 0-0: Ball
1-0: Foul Ball, location: 2F
1-1: Fly out, F6 (Line Drive, 6)
Top of the 5th over - 0 run(s), 0 hit(s), 0 error(s), 1 left on base; Salem 5 - Surrey 1
BOTTOM OF THE 5TH
Surrey Sinners batting - Pitching for Salem Sledgehammers : RHP Guillermo Martínez
Batting: LHB Juan Hinojosa 0-0: Ground out U3 (Groundball, 3)
Batting: RHB Eugene Booth 0-0: Called Strike
0-1: Ball
1-1: Foul Ball, location: 2F
1-2: Ball
2-2: Ball
3-2: Strikes out swinging
Batting: RHB Ramón Molina 0-0: Called Strike
0-1: Ball
1-1: Ball
2-1: Foul Ball, location: 2F
2-2: Foul Ball, location: 2F
2-2: Foul Ball, location: 2F
2-2: Foul Ball, location: 2F
2-2: Ball
3-2: Fly out, F8 (Flyball, 8LS)
Bottom of the 5th over - 0 run(s), 0 hit(s), 0 error(s), 0 left on base; Salem 5 - Surrey 1
TOP OF THE 6TH
Salem Sledgehammers batting - Pitching for Surrey Sinners : LHP Jason Reece
Batting: RHB Patrick Daniels 0-0: Fly out, F9 (Flyball, 9S)
Batting: RHB Gilberto Silva 0-0: Ball
1-0: SINGLE (Groundball, 34D)
Batting: LHB Caleb Hall 0-0: Called Strike
0-1: Foul Ball, location: 2F
0-2: Ball
1-2: Strikes out swinging
Batting: RHB Lakota O'Reilly 0-0: Ball
1-0: Ball
2-0: Called Strike
2-1: Fly out, F3 (Line Drive, 34)
Top of the 6th over - 0 run(s), 1 hit(s), 0 error(s), 1 left on base; Salem 5 - Surrey 1
BOTTOM OF THE 6TH
Surrey Sinners batting - Pitching for Salem Sledgehammers : RHP Guillermo Martínez
Pitching: LHP Sean Yarbrough
Batting: LHB Randy Wiggins 0-0: Swinging Strike
0-1: Called Strike
0-2: Ball
1-2: Ball
2-2: Ball
3-2: Strikes out looking
Batting: RHB Clint Younger 0-0: Ball
1-0: Foul Ball, location: 2F
1-1: Called Strike
1-2: Strikes out swinging
Batting: LHB José Blanco 0-0: Called Strike
0-1: Ball
1-1: Foul Ball, location: 2F
1-2: Fly out, F7 (Flyball, 7S)
Bottom of the 6th over - 0 run(s), 0 hit(s), 0 error(s), 0 left on base; Salem 5 - Surrey 1
TOP OF THE 7TH
Salem Sledgehammers batting - Pitching for Surrey Sinners : LHP Jason Reece
Batting: RHB Luis Bustamante 0-0: Ball
1-0: Ball
2-0: Called Strike
2-1: Ball
3-1: Swinging Strike
3-2: Base on Balls
Batting: SHB Enrique Uribe 0-0: Called Strike
0-1: SINGLE (Line Drive, 6MD)
Luis Bustamante to second
Batting: LHB Nathan Frey 0-0: Ball
1-0: Called Strike
1-1: Swinging Strike
1-2: Fly out, F7 (Flyball, 78M)
Batting: SHB Richard Griffin 0-0: Called Strike
0-1: Ball
1-1: Ball
2-1: SINGLE (Line Drive, 89S)
Luis Bustamante to third
Enrique Uribe to second
Batting: RHB Bobby Miller 0-0: Ball
1-0: Ball
2-0: Ball
3-0: Base on Balls
Luis Bustamante scores
Enrique Uribe to third
Richard Griffin to second
Batting: RHB Patrick Daniels 0-0: Ball
1-0: Called Strike
1-1: Swinging Strike
1-2: Strikes out swinging
Batting: RHB Gilberto Silva 0-0: Ball
1-0: GRAND SLAM HOME RUN (Flyball, 78XD), Distance : 393 ft
Pitching: RHP Edward Robinson
Batting: LHB Caleb Hall 0-0: Called Strike
0-1: Ball
1-1: Ball
2-1: Ball
3-1: Foul Ball, location: 2F
3-2: Base on Balls
Batting: RHB Lakota O'Reilly 0-0: Called Strike
0-1: Ball
1-1: Swinging Strike
1-2: Fielders Choice at 2nd, 5-4 (Groundball, 56)
Top of the 7th over - 5 run(s), 3 hit(s), 0 error(s), 0 left on base; Salem 10 - Surrey 1
BOTTOM OF THE 7TH
Surrey Sinners batting - Pitching for Salem Sledgehammers : LHP Sean Yarbrough
Batting: LHB Jorge Martínez 0-0: Called Strike
0-1: Ball
1-1: Called Strike
1-2: SINGLE (Flyball, 89S)
Batting: RHB Mitchell Darragh 0-0: Called Strike
0-1: Ball
1-1: Ball
2-1: Foul Ball, location: 2F
2-2: Ground out 5-3 (Groundball, 56S)
Jorge Martínez to second
Batting: RHB Robert Koremans 0-0: Ball
1-0: Fly out, F4 (Popup, 34)
Batting: LHB Juan Hinojosa 0-0: Ball
1-0: Ball
2-0: Ball
3-0: Called Strike
3-1: Foul Ball, location: 2F
3-2: Strikes out swinging
Bottom of the 7th over - 0 run(s), 1 hit(s), 0 error(s), 1 left on base; Salem 10 - Surrey 1
TOP OF THE 8TH
Salem Sledgehammers batting - Pitching for Surrey Sinners : RHP Edward Robinson
Batting: RHB Luis Bustamante 0-0: Fly out, F9 (Flyball, 9S)
Batting: SHB Enrique Uribe 0-0: Ground out 5-3 (Groundball, 56)
Batting: LHB Nathan Frey 0-0: Called Strike
0-1: Ball
1-1: SINGLE (Line Drive, 8LS)
Batting: SHB Richard Griffin 0-0: SINGLE (Groundball, 4MD)
Nathan Frey to second
Batting: RHB Bobby Miller 0-0: Foul Ball, location: 2F
0-1: Ball
1-1: Called Strike
1-2: Strikes out swinging
Top of the 8th over - 0 run(s), 2 hit(s), 0 error(s), 2 left on base; Salem 10 - Surrey 1
BOTTOM OF THE 8TH
Surrey Sinners batting - Pitching for Salem Sledgehammers : LHP Sean Yarbrough
Batting: RHB Eugene Booth 0-0: Swinging Strike
0-1: Ball
1-1: Swinging Strike
1-2: Strikes out swinging
Batting: RHB Ramón Molina 0-0: Foul Ball, location: 2F
0-1: Ball
1-1: Foul Ball, location: 2F
1-2: Ball
2-2: Foul Ball, location: 2F
2-2: Foul Ball, location: 2F
2-2: Ball
3-2: Fly out, F9 (Flyball, 9D)
Batting: LHB Randy Wiggins 0-0: Ball
1-0: Hit by Pitch
Batting: RHB Clint Younger
Pinch Hitting: RHB Roberto Ybarra 0-0: Foul Ball, location: 2F
0-1: Ball
1-1: Swinging Strike
1-2: Strikes out swinging
Bottom of the 8th over - 0 run(s), 0 hit(s), 0 error(s), 1 left on base; Salem 10 - Surrey 1
TOP OF THE 9TH
Salem Sledgehammers batting - Pitching for Surrey Sinners : RHP Edward Robinson
Now at 2B: Dennis House
Batting: RHB Patrick Daniels 0-0: Ball
1-0: Called Strike
1-1: Foul Ball, location: 2F
1-2: Ball
2-2: Strikes out looking
Batting: RHB Gilberto Silva 0-0: Swinging Strike
0-1: Swinging Strike
0-2: Strikes out swinging, 2-3 out at first.
Batting: LHB Caleb Hall 0-0: Called Strike
0-1: Fly out, F8 (Flyball, 8LS)
Top of the 9th over - 0 run(s), 0 hit(s), 0 error(s), 0 left on base; Salem 10 - Surrey 1
BOTTOM OF THE 9TH
Surrey Sinners batting - Pitching for Salem Sledgehammers : LHP Sean Yarbrough
Pitching: RHP Blake Koepke
Batting: LHB José Blanco 0-0: Ball
1-0: Ball
2-0: Ball
3-0: Called Strike
3-1: Swinging Strike
3-2: Strikes out swinging
Batting: LHB Jorge Martínez 0-0: Ball
1-0: Fly out, F7 (Flyball, 7LS)
Batting: RHB Mitchell Darragh 0-0: Ball
1-0: Ground out 5-3 (Groundball, 56)
Bottom of the 9th over - 0 run(s), 0 hit(s), 0 error(s), 0 left on base; Salem 10 - Surrey 1
Thursday, March 30th, 2017 - OOTP Baseball 17.12 Build 75